 Dungeon Crawl Stone Soup version 0.21-a0-263-gf26e180 (webtiles) character file.

4 Chiseanne the Magician (level 1, -1/10 HPs)
             Began as a Spriggan Wanderer on Sept 7, 2017.
             Killed from afar by a dart slug (6 damage)
             ... with a slug dart
             ... on level 2 of the Dungeon.
             The game lasted 00:01:01 (383 turns).

Chiseanne the Magician (Spriggan Wanderer)           Turns: 383, Time: 00:01:02

Health: -1/10      AC:  2    Str:  8    XL:     1   Next: 50%
Magic:  5/5        EV: 16    Int: 15    God:
Gold:   0          SH:  0    Dex: 13    Spells: 4/5 levels left

rFire    . . .     SeeInvis +   b - +0 short sword
rCold    . . .     Gourm    .   (shield restricted)
rNeg     . . .     Faith    .   d - +0 robe
rPois    .         Spirit   .   (helmet restricted)
rElec    .         Reflect  .   (no cloak)
rCorr    .         Harm     .   (gloves unavailable)
MR       .....                  (boots unavailable)
Stlth    ++........             (no amulet)
HPRegen  0.03/turn              (no ring)
MPRegen  0.09/turn              (no ring)

@: very quick
A: unfitting armour, see invisible, herbivore 3, speed 3, slow metabolism 2
a: no special abilities


You were on level 2 of the Dungeon.
You were not hungry.

You visited 1 branch of the dungeon, and saw 2 of its levels.

Inventory:

Hand Weapons
 b - a +0 short sword (weapon)
Missiles
 e - 16 stones (quivered)
 j - 23 arrows
Armour
 d - a +0 robe (worn)
 h - a cursed +0 cloak
Scrolls
 c - a scroll of teleportation
Potions
 g - a potion of mutation {unknown}
 i - a potion of curing {unknown}
Books
 a - a book of Minor Magic

   Spells                             Type                      Level
   a - Magic Dart                     Conjuration                  1
   b - Blink                          Translocation                2
   c - Call Imp                       Summoning                    2
   d - Slow                           Hexes                        2
   e - Conjure Flame                  Conjuration/Fire             3
   f - Mephitic Cloud                 Conjuration/Poison/Air       3
Comestibles
 f - a bread ration


   Skills:
 - Level 1.0 Fighting
 - Level 1.1 Short Blades
 * Level 0.8 Dodging
 * Level 2.0 Stealth
   Level 1.0 Shields
 * Level 2.7 Spellcasting
 * Level 0.1 Conjurations
   Level 1.0 Summonings
   Level 1.5 Fire Magic
   Level 1.3 Evocations


You had 4 spell levels left.
You knew the following spells:

 Your Spells              Type           Power        Failure   Level  Hunger
a - Magic Dart            Conj           #...         21%         1    #......


Dungeon Overview and Level Annotations

Branches:
Dungeon (2/15)

Altars:


Innate Abilities, Weirdness & Mutations

You are very small and have problems with some larger weapons.
You are too small for most types of armour.
You have supernaturally acute eyesight. (SInv)
You are a herbivore.
You cover ground extremely quickly.
You need consume almost no food.


Message History

The helpless dart slug fails to defend itself.
You puncture the dart slug!
The dart slug is severely wounded.
The dart slug barely misses you.
You hit the dart slug but do no damage.
The dart slug is severely wounded.
You hit the dart slug.
The dart slug is severely wounded.
The dart slug barely misses you.
You hit the dart slug but do no damage.
The dart slug is severely wounded.
The dart slug launches a dart at you. The slug dart hits you!
Ouch! That really hurt!
You hit the dart slug.
The dart slug is almost dead.
The dart slug launches a dart at you. The slug dart hits you!
Ouch! That really hurt!
You die...

#.. #.# ..# . #.# ..
#.# ##.# ... #.#
..#.###### .... #w#
###.#....... ..... #@#
#.........##
......#.###..........#
.....................#
#...#................#
## ###.##...........#
#.##...รท....<..#
#.##....####+#.#
#.####### .. ... ##


You could see a dart slug.

Vanquished Creatures
  A dart slug (D:1)
  A quokka (D:2)
2 creatures vanquished.

Notes
Turn   | Place    | Note
-------+----------+-------------------------------------------
     0 | D:1      | Chiseanne the Spriggan Wanderer began the quest for the Orb.
     0 | D:1      | Chiseanne set off with: a book of Minor Magic, a +0 short sword, a scroll of teleportation, a +0 robe, a bread ration
     0 | D:1      | Reached XP level 1. HP: 10/10 MP: 5/5
     3 | D:1      | Learned a level 1 spell: Magic Dart
   383 | D:2      | Killed from afar by a dart slug

Vault maps used:
D:1:      tarquinn_simple_flora_water_a
D:2:      evilmike_ruin_ashenzari, kennysheep_slug_shrine,
          lemuel_coloured_pillars_altar, overflow_temple_1_default,
          nicolae_overflow_hidden_temple

Skill      XL: |  1 |
---------------+----+-----
Stealth        | 2 |  2.0
Fighting       | |  1.0
Short Blades   | |  1.1
Dodging        | |  0.8
Shields        | |  1.0
Spellcasting   | |  2.7
Conjurations   | |  0.1
Summonings     | |  1.0
Fire Magic     | |  1.5
Evocations     | |  1.3

Action                   || total
-------------------------++-------
Melee: Short sword       ||    20
 Stab: Sleeping          ||     2
Armor: Robe              ||     2
Dodge: Dodged            ||    11

Table legend:
 A = Spawn XP
 B = Non-spawn XP
 C = Spawn XP percentage of total XP
 D = Spawn monster count
 E = Non-spawn monster count
 F = Spawn count percentage of total count
 G = Total turns spent on level
                    A         B        C        D         E        F      G
               +---------+---------+-------+---------+---------+-------+---------
         Total |       0 |       6 |   0.0 |       0 |       2 |   0.0 |   383
               +---------+---------+-------+---------+---------+-------+---------
           D:1 |       0 |       4 |   0.0 |       0 |       1 |   0.0 |   105
           D:2 |       0 |       2 |   0.0 |       0 |       1 |   0.0 |   278
               +---------+---------+-------+---------+---------+-------+---------
